 Dungeon Crawl Stone Soup version 0.23-a0-490-ge7ea69a (webtiles) character file.

13361 qvsushi the Severer (level 12, -5/108 HPs)
             Began as a Hill Orc Fighter on Dec 2, 2018.
             Was a High Priest of Okawaru.
             Slain by an ettin
             ... wielding a +0 dire flail
              (22 damage)
             ... on level 11 of the Dungeon.
             The game lasted 00:35:00 (10424 turns).

qvsushi the Severer (Hill Orc Fighter)             Turns: 10424, Time: 00:35:01

Health: -5/108     AC: 26    Str: 22    XL:     12   Next: 5%
Magic:  10/12      EV: 10    Int: 10    God:    Okawaru [*****.]
Gold:   530        SH:  9    Dex: 12    Spells: 11/11 levels left

rFire    . . .     SeeInvis .   u - +1 war axe (chop)
rCold    . . .     Gourm    .   a - +2 buckler {AC+3}
rNeg     . . .     Faith    .   n - +0 plate armour
rPois    .         Spirit   .   k - +0 helmet
rElec    .         Reflect  .   c - scarf {repulsion}
rCorr    .         Harm     .   s - +0 pair of gloves {archery}
MR       .....                  v - +2 pair of boots {Stlth+}
Stlth    ..........             (no amulet)
HPRegen  0.28/turn              e - +2 ring of intelligence
MPRegen  0.13/turn              (no ring)

@: vulnerable, heroism, studying Fighting, repel missiles
A: no striking features
a: Heroism, Finesse, Renounce Religion


You were on level 11 of the Dungeon.
You worshipped Okawaru.
Okawaru was extremely pleased with you.
You were not hungry.

You visited 2 branches of the dungeon, and saw 13 of its levels.
You also visited: Bailey.

You collected 823 gold pieces.
You spent 293 gold pieces at shops.

Inventory:

Hand Weapons
 u - a +1 war axe of chopping (weapon)
 B - a +1 vampiric executioner's axe
Missiles
 w - 11 javelins of returning (quivered)
Armour
 a - a +2 buckler of protection (worn)
 c - a scarf of repulsion (worn)
 k - a +0 helmet (worn)
 n - a +0 plate armour (worn)
 s - a +0 pair of gloves of archery (worn)
 v - a +2 pair of boots of stealth (worn)
Jewellery
 d - an uncursed amulet of magic regeneration {unknown}
 e - a +2 ring of intelligence (left hand)
 g - an uncursed ring of ice
Wands
 b - a wand of digging (6)
 m - a wand of acid (5)
 p - a wand of enslavement (4)
 t - a wand of iceblast (12)
 z - a wand of disintegration (14)
Scrolls
 i - 2 scrolls of teleportation
 o - a scroll of remove curse
 y - 3 scrolls of fear
 C - a scroll of acquirement {unknown}
 D - a scroll of magic mapping {unknown}
 E - a scroll of enchant armour {unknown}
Potions
 h - 5 potions of curing
 j - 4 potions of heal wounds
 l - a potion of lignification
 q - 4 potions of ambrosia
 r - a potion of agility {unknown}
Books
 A - a manual of Fighting
Comestibles
 f - 22 rations
 x - 3 chunks of flesh


   Skills:
 + Level 10.6(15.6) Fighting
 + Level 15.9(20.9) Axes
 + Level 9.1(14.1) Armour
 + Level 1.7(6.7) Dodging
 + Level 0.1(5.1) Stealth
 + Level 9.6(14.6) Shields
 + Level 0.6 Invocations


You had 11 spell levels left.
You didn't know any spells.
Your spell library contained the following spells:

 Spells                   Type           Power        Failure   Level  Hunger
 Animate Skeleton         Necr           N/A          98%         1    ##.....
 Apportation              Tloc           #.....       98%         1    ##.....
 Confusing Touch          Hex            #.....       98%         1    ##.....
 Corona                   Hex            #......      98%         1    ##.....
 Summon Small Mammal      Summ           #...         98%         1    ##.....
 Slow                     Hex            #.......     99%         2    ###....
 Inner Flame              Hex/Fire       #.......     100%        3    ####...
 Portal Projectile        Hex/Tloc       #.....       100%        3    ####...
 Cause Fear               Hex            #.........   100%        4    #####..
 Leda's Liquefaction      Hex/Erth       #.........   100%        4    #####..


Dungeon Overview and Level Annotations

Branches:
Dungeon (12/15)            Temple (1/1) D:4            Lair (0/6) D:10
    Orc (0/2) D:9

Altars:
Ashenzari
Cheibriados
Dithmenos
Elyvilon
Fedhas
Gozag
Hepliaklqana
Kikubaaqudgha
Makhleb
Nemelex Xobeh
Okawaru
Qazlal
Ru
Sif Muna
Trog
Uskayaw
Vehumet
Wu Jian
Xom
Yredelemnul
Zin
The Shining One
Beogh

Shops:
D:4 ?}[([   D:7 (   D:10 (


Message History

You block the vampire mosquito's attack.
The ettin closely misses you.
The ettin hits you with a +0 great mace!!
* * * LOW HITPOINT WARNING * * *
You miss the vampire mosquito. You slash the ettin!
The vampire mosquito bites you but does no damage.
You slash the vampire mosquito!
The vampire mosquito is moderately damaged.
You slash the ettin!
You block the vampire mosquito's attack.
You block the ettin's attack. The ettin barely misses you.
The vampire mosquito bites you but does no damage.
You hit the vampire mosquito.
The vampire mosquito is heavily damaged.
You slash the ettin!
You block the vampire mosquito's attack.
The ettin hits you with a +0 dire flail!
* * * LOW HITPOINT WARNING * * *
The ettin hits you with a +0 great mace!!
You die...

######### #########
#.......# #.....).#
#.#####.# ######.#####.#
#.#####.###.^.##.#####.#
#.##....##..........##.#
#.............)#.##.##.#
#.##.##C##.....#.##.##.#
#......@###...##.......#
#.##.##y# ########..####
#.##.##.# #.## #.##.##.#
#.# #.......####### #.#
####.####.....# #.# #.#
#.###.# #.# #.# #.# #.#
#.##### #.# #.###.#
#......


You could see an ettin and a vampire mosquito.

Vanquished Creatures
  A centaur warrior (D:10)
  2 two-headed ogres (D:9)
  A cyclops (D:11)
  Joseph (D:8)
  An ugly thing (D:11)
  A centaur zombie (D:12)
  Prince Ribbit (D:9)
  A hippogriff (D:8)
  Sigmund (D:3)
  13 yaks
  A wyvern (D:11)
  A hungry ghost (D:10)
  Grum (D:8)
  2 wargs (D:10)
  3 water moccasins
  15 orc warriors
  6 ice beasts
  2 phantoms
  8 ogres
  A sky beast (D:10)
  11 centaurs
  2 wolves (D:8)
  6 bullfrogs
  A gnoll sergeant (D:8)
  10 killer bees
  6 wights (D:6)
  3 howler monkeys
  5 crimson imps
  A quasit (D:11)
  A bullfrog zombie (D:5)
  3 jellies (D:5)
  5 orc priests
  4 hounds
  13 orc wizards
  An iguana (D:8)
  4 worker ants
  A hound zombie (D:7)
  14 gnolls
  12 adders
  A shadow imp (D:6)
  An adder skeleton (D:4)
  A worm (D:3)
  4 dart slugs
  3 leopard geckos
  72 orcs
  5 bats
  3 giant cockroaches
  4 goblins
  13 hobgoblins
  9 jackals
  2 quokkas
  5 frilled lizards
  10 kobolds
  5 rats
  A spectral orc (D:6)
305 creatures vanquished.

Vanquished Creatures (others)
  An orc wizard (D:4)
1 creature vanquished.

Grand Total: 306 creatures vanquished

Notes
Turn   | Place    | Note
-------+----------+-------------------------------------------
     0 | D:1      | qvsushi the Hill Orc Fighter began the quest for the Orb.
     0 | D:1      | Reached XP level 1. HP: 19/19 MP: 1/1
    36 | D:1      | Reached XP level 2. HP: 24/27 MP: 2/2
   970 | D:2      | Reached skill level 3 in Axes
   970 | D:2      | Reached XP level 3. HP: 33/33 MP: 3/3
  1069 | D:2      | Found a shadowy altar of Dithmenos.
  1156 | D:2      | Reached XP level 4. HP: 35/40 MP: 4/4
  1164 | D:2      | Found a burning altar of Makhleb.
  1954 | D:3      | Reached skill level 4 in Axes
  2000 | D:3      | Noticed Sigmund
  2016 | D:3      | Killed Sigmund
  2016 | D:3      | Reached skill level 5 in Axes
  2016 | D:3      | Reached skill level 1 in Dodging
  2016 | D:3      | Reached XP level 5. HP: 41/47 MP: 5/5
  2016 | D:3      | Reached XP level 6. HP: 46/53 MP: 6/6
  2457 | D:4      | Found Ynkoh's Weapon Shoppe.
  2699 | D:4      | Reached skill level 5 in Shields
  2703 | D:4      | Reached skill level 6 in Axes
  2704 | D:4      | Reached XP level 7. HP: 58/60 MP: 7/7
  2755 | D:4      | Found a bloodstained altar of Trog.
  2786 | D:4      | Reached skill level 5 in Fighting
  2832 | D:4      | Found Jovvimo's Antique Armour Emporium.
  2853 | D:4      | Bought a pair of glowing gloves for 135 gold pieces
  2881 | D:4      | Found a staircase to the Ecumenical Temple.
  2892 | Temple   | Entered the Ecumenical Temple
  2927 | Temple   | Became a worshipper of Warmaster Okawaru
  3230 | D:4      | Found Iptesh's Antique Armour Emporium.
  3280 | D:4      | Found Xyepyemu's Magic Scroll Boutique.
  3302 | D:4      | Reached skill level 7 in Axes
  3601 | D:4      | Found Asua's Gadget Emporium.
  3727 | D:5      | Entered Level 5 of the Dungeon
  4006 | D:5      | Reached skill level 5 in Armour
  4024 | D:5      | Reached skill level 8 in Axes
  4050 | D:5      | Reached XP level 8. HP: 64/68 MP: 8/8
  4100 | D:5      | Reached * piety under Okawaru
  4322 | D:5      | Reached skill level 9 in Axes
  4637 | D:6      | Reached ** piety under Okawaru
  4639 | D:6      | Reached skill level 10 in Axes
  4765 | D:6      | Reached XP level 9. HP: 73/78 MP: 9/9
  5036 | D:6      | Found a basalt altar of Yredelemnul.
  5069 | D:6      | Reached skill level 11 in Axes
  5095 | D:6      | Found an opulent altar of Gozag.
  5186 | D:7      | Found a bloodstained altar of Trog.
  5210 | D:7      | Found a sacrificial altar of Ru.
  5210 | D:7      | Found a snail-covered altar of Cheibriados.
  5220 | D:7      | Found Miwirph's Weapon Shop.
  5227 | D:7      | Bought a +1 war axe of chopping for 158 gold pieces
  5447 | D:7      | Reached skill level 12 in Axes
  5831 | D:8      | Reached *** piety under Okawaru
  6143 | D:8      | Reached XP level 10. HP: 69/86 MP: 10/10
  6256 | D:8      | Noticed Joseph
  6258 | D:8      | Noticed Grum
  6260 | D:8      | Reached skill level 13 in Axes
  6270 | D:8      | Killed Joseph
  6270 | D:8      | Killed Grum
  6542 | D:9      | Noticed a two-headed ogre
  6552 | D:9      | Killed a two-headed ogre
  6552 | D:9      | Reached **** piety under Okawaru
  6690 | D:9      | Reached skill level 14 in Axes
  6728 | D:9      | Found a roughly hewn altar of Beogh.
  6978 | D:9      | Found a staircase to the Orcish Mines.
  7040 | D:9      | Noticed a two-headed ogre
  7054 | D:9      | Killed a two-headed ogre
  7054 | D:9      | Reached ***** piety under Okawaru
  7102 | D:9      | Noticed Prince Ribbit
  7126 | D:9      | Killed Prince Ribbit
  7126 | D:9      | Reached XP level 11. HP: 71/95 MP: 11/11
  7384 | D:9      | Found an iron altar of Okawaru.
  7417 | D:9      | You fall through a shaft!
  7417 | D:10     | Entered Level 10 of the Dungeon
  7417 | D:10     | Found a staircase to the Lair.
  7417 | D:10     | Noticed a centaur warrior
  7495 | D:10     | Killed a centaur warrior
  7495 | D:10     | Received a gift from Okawaru
  7757 | D:10     | Reached skill level 15 in Axes
  7950 | D:10     | Found a flagged portal.
  7963 | Bailey   | Entered a bailey
  8525 | Bailey   | Reached skill level 10 in Fighting
  9307 | D:10     | Found Fumeod's Antique Weapon Shop.
  9391 | D:11     | Noticed a cyclops
  9515 | D:11     | Killed a cyclops
  9836 | D:11     | Noticed a seven-headed hydra
 10307 | D:12     | Reached XP level 12. HP: 96/107 MP: 12/12
 10353 | D:12     | Noticed an ettin
 10359 | D:12     | Noticed a fire giant
 10424 | D:11     | Slain by an ettin

Vault maps used:
D:1:      minmay_arrival_stair_chambers, hangedman_decor_riveting
D:2:      lemuel_crystal_altar, lemuel_crystal_altar, minmay_crystal_water,
          kennysheep_generic_room_11
D:3:      kennysheep_generic_room_8, uniq_sigmund
D:4:      kennysheep_mini, minmay_temple_entry_glass, first_ration,
          serial_shops, nicolae_shop_overgrown_old_shop,
          nicolae_shop_waterfront, nicolae_shop_trees, kennysheep_mini_moat,
          nicolae_shop_statue_plus
D:6:      yredelemnul_forgotten_temple_becter, nicolae_overflow_hidden_temple,
          minmay_fountain_box
D:7:      chequers_temple_overflow_statue_of_worship, serial_shops,
          shop_fountains, basic_altar
D:8:      uniq_joseph, uniq_grum
D:9:      orc_0_dummy, grunt_ogre_cave, kennysheep_okawaru_gauntlet,
          uniq_prince_ribbit1, uniq_psyche
D:10:     erik_lair_orcish_takeover, serial_shops, kennysheep_little_box,
          enter_bailey_2
D:12:     minmay_strange_plus, special_room
Temple:   regret_index_temple_generic_petals
Bailey:   bailey_polearm_flooded_kennysheep, bailey

Skill      XL: |  1  2  3  4  5  6  7  8  9 10 11 |
---------------+----------------------------------+-----
Axes           | 3 5 6 8 10 12 14 15 | 15.9
Fighting       | 4 5 6 7 8 10 | 10.6
Armour         | 4 5 6 7 9 |  9.1
Shields        | 4 5 7 8 9 |  9.6
Dodging        | 1 |  1.7
Stealth        | |  0.1
Invocations    | |  0.6

Action                   |  1- 3 |  4- 6 |  7- 9 | 10-12 || total
-------------------------+-------+-------+-------+-------++-------
Melee: War axe           |    91 |   137 |   363 |   466 ||  1057
Invok: Heroism           |       |       |       |     3 ||     3
       Finesse           |       |       |       |     1 ||     1
  Use: Scroll            |     2 |     8 |    11 |     7 ||    28
       Potion            |       |       |     1 |     6 ||     7
  Eat: Chunk             |     1 |     5 |     8 |    14 ||    28
       Ration            |       |       |     1 |       ||     1
Armor: Scale mail        |    67 |    15 |       |       ||    82
       Plate armour      |       |    72 |   230 |   229 ||   531
       Skin              |       |       |     8 |       ||     8
Dodge: Dodged            |    43 |    20 |    57 |   143 ||   263
       Deflected         |       |       |       |    29 ||    29
Block: Shield            |    65 |    70 |   198 |    90 ||   423
       Buckler           |       |       |       |   135 ||   135

Table legend:
 A = Non-vault XP
 B = Vault XP
 C = Vault XP percentage of total XP
 D = Non-vault monster count
 E = Vault monster count
 F = Vault count percentage of total count
                 A         B        C        D         E       F
            +---------+---------+-------+---------+---------+-------
      Total |   13545 |    5543 |  29.0 |     222 |      84 |  27.5
            +---------+---------+-------+---------+---------+-------
        D:1 |      33 |       0 |   0.0 |      18 |       0 |   0.0
        D:2 |      70 |       2 |   2.8 |      20 |       1 |   4.8
        D:3 |      70 |     225 |  76.3 |      17 |       2 |  10.5
        D:4 |     460 |       0 |   0.0 |      23 |       0 |   0.0
        D:5 |     860 |       0 |   0.0 |      25 |       0 |   0.0
        D:6 |    1157 |       1 |   0.1 |      24 |       1 |   4.0
        D:7 |     780 |       0 |   0.0 |      18 |       0 |   0.0
        D:8 |    1281 |     896 |  41.2 |      22 |       4 |  15.4
        D:9 |    3780 |    1010 |  21.1 |      14 |      27 |  65.9
       D:10 |    3099 |     629 |  16.9 |      24 |       9 |  27.3
       D:11 |    1218 |     490 |  28.7 |      10 |       1 |   9.1
       D:12 |     737 |       0 |   0.0 |       7 |       0 |   0.0
     Bailey |       0 |    2290 | 100.0 |       0 |      39 | 100.0
            +---------+---------+-------+---------+---------+-------
